 Dungeon Crawl Stone Soup version 0.24.0-123-gd5b16e6ec5 (webtiles) character file.

Game seed: 3121845049003644370, levelgen mode: deterministic

20 Descartes the Grasshopper (level 2, -5/11 HPs)
             Began as a Felid Wanderer on Feb 12, 2020.
             Slain by a hobgoblin
             ... wielding a +0 club
              (8 damage)
             ... on level 1 of the Dungeon.
             The game lasted 00:02:44 (1200 turns).

Descartes the Grasshopper (Felid Wanderer)          Turns: 1200, Time: 00:02:44

Health: -5/11      AC:  1    Str:  8    XL:     2   Next: 58%
Magic:  6/6        EV: 16    Int: 13    God:
Gold:   44         SH:  0    Dex: 15    Spells: 4/5 levels left
                                        Lives:  0   Deaths: 0

rFire    . . .     SeeInvis +     - Unarmed
rCold    . . .     Gourm    .   (shield unavailable)
rNeg     . . .     Faith    .   (armour unavailable)
rPois    .         Spirit   .   (helmet unavailable)
rElec    .         Reflect  .   (cloak unavailable)
rCorr    .         Harm     .   (gloves unavailable)
MR       .....                  (boots unavailable)
Stlth    ++........             (no amulet)
HPRegen  0.03/turn              (no ring)
MPRegen  0.10/turn              (no ring)

@: quick
A: very small, no armour, no weapons or thrown items, stealth, claws 1, fangs 3,
see invisible, carnivore, speed 1, shaggy fur 1, slow metabolism 1, sharp paws
a: no special abilities


You were on level 1 of the Dungeon.
You were very full.

You visited 1 branch of the dungeon, and saw 1 of its levels.

You collected 44 gold pieces.

Inventory:

Missiles
 a - 36 stones
Scrolls
 d - 3 scrolls of identify {unknown}
Potions
 b - a potion of degeneration {unknown}
Comestibles
 c - a ration


   Skills:
 + Level 1.1 Dodging
 + Level 1.3 Stealth
 * Level 1.3 Unarmed Combat
 + Level 2.2 Spellcasting
   Level 3.0 Hexes
   Level 3.0 Translocations
   Level 2.1 Transmutations
   Level 2.1 Evocations


You had 4 spell levels left.
You knew the following spells:

 Your Spells              Type           Power        Failure   Level  Hunger
a - Freeze                Ice            #...         26%         1    ##.....

Your spell library contained the following spells:

 Spells                   Type           Power        Failure   Level  Hunger
 Blink                    Tloc           N/A          11%         2    ###....
 Shroud of Golubria       Chrm/Tloc      #.....       21%         2    ###....
 Gell's Gravitas          Tloc           #.........   22%         3    ####...
 Lesser Beckoning         Tloc           #.........   22%         3    ####...
 Teleport Other           Tloc           #.......     22%         3    ####...
 Ozocubu's Armour         Chrm/Ice       #.......     58%         3    ####...
 Passage of Golubria      Tloc           N/A          58%         4    #####..


Dungeon Overview and Level Annotations

Branches:
Dungeon (1/15)

Altars:


Innate Abilities, Weirdness & Mutations

You cannot wear armour.
You are incapable of wielding weapons or throwing items.
Your paws allow you to move quietly. (Stealth)
You have sharp claws.
You have razor-sharp teeth.
You have supernaturally acute eyesight. (SInv)
You are carnivorous and can eat meat at any time.
You cover ground quickly.
You are covered in fur. (AC +1)
You have a slow metabolism.
Your sharp claws are effective at attacking unaware monsters.


Message History

The hobgoblin hits you with a +0 club.
You barely miss the hobgoblin. The hobgoblin barely misses you.
You scratch the hobgoblin but do no damage.
The hobgoblin hits you with a +0 club.
You scratch the hobgoblin.
The hobgoblin is severely wounded.
The hobgoblin completely misses you.
You scratch the hobgoblin.
The hobgoblin is almost dead.
The hobgoblin barely misses you.
You closely miss the hobgoblin. Your bite misses the hobgoblin.
The hobgoblin is almost dead.
The hobgoblin hits you with a +0 club.
* * * LOW HITPOINT WARNING * * *
You closely miss the hobgoblin.
You bite the hobgoblin, but do no damage.
The hobgoblin is almost dead.
The hobgoblin hits you with a +0 club!
Ouch! That really hurt!
You die...

#.##.##.# ...
.. #.รท.....#
#.. ......
####..### #.#
##.# #.# #.#
#.### #.# #...
#.# #..# #.#
#g.# #.# #@.#
#.# #..# #.#
#..#
#.#####..###.#
#...........#
############.#


You could see a hobgoblin.

Vanquished Creatures
  An ooze (D:1)
  A dart slug (D:1)
  A bat (D:1)
  4 goblins (D:1)
  A hobgoblin (D:1)
  2 kobolds (D:1)
  A ball python (D:1)
  A frilled lizard (D:1)
  3 rats (D:1)
15 creatures vanquished.

Notes
Turn   | Place    | Note
-------+----------+-------------------------------------------
     0 | D:1      | Descartes the Felid Wanderer began the quest for the Orb.
     0 | D:1      | Descartes set off with the following items: a ration; and
                  | the following spell memorised: Freeze; and the following
                  | spells available to memorise: Blink, Shroud of Golubria,
                  | Gell's Gravitas, Lesser Beckoning, Teleport Other,
                  | Ozocubu's Armour, Passage of Golubria
     0 | D:1      | Reached XP level 1. HP: 7/7 MP: 4/4
   341 | D:1      | Reached XP level 2. HP: 6/11 MP: 6/6
   345 | D:1      | Reached skill level 1 in Stealth
   345 | D:1      | Reached skill level 1 in Unarmed Combat
   698 | D:1      | Reached skill level 1 in Dodging
  1200 | D:1      | Slain by a hobgoblin

Levels and vault maps discovered:
D:1:      evilmike_arrival_rings, layout_loops_ring

Skill      XL: |  1  2 |
---------------+-------+-----
Stealth        | 1 |  1.3
Unarmed Combat | 1 |  1.3
Dodging        | 1 |  1.1
Spellcasting   | |  2.2
Hexes          | |  3.0
Translocations | |  3.0
Transmutations | |  2.1
Evocations     | |  2.1

Action                   || total
-------------------------++-------
Melee: Unarmed           ||    59
       Bite              ||     9
  Eat: Chunk             ||     6
Armor: Skin              ||     3
Dodge: Dodged            ||    44
